 Dungeon Crawl Stone Soup version 0.31.0-11-ge490571c62 (webtiles) character file.

Game seed: 3390747500973234191

267 Buffagor the Slasher (level 6, 0/56 HPs)
             Began as a Naga Fighter on Jan 27, 2024.
             Incinerated by a bombardier beetle (3 damage)
             ... with a burning spray
             ... on level 4 of the Dungeon.
             The game lasted 00:09:56 (2601 turns).

Buffagor the Slasher (Naga Fighter)                 Turns: 2601, Time: 00:09:56

Health: 0/56       AC:  6    Str: 18    XL:     6   Next: 21%
Magic:  6/6        EV:  8    Int:  8    God:
Gold:   217        SH:  4    Dex: 13    Spells: 5/5 levels left

rFire   . . .        a - +1 long sword (vamp)
rCold   . . .        c - +0 buckler
rNeg    . . .        v - +0 swamp dragon scales
rPois   +            (no helmet)
rElec   .            (no cloak)
rCorr   .            (no gloves)
SInv    +            (no barding)
Will    .....        (no amulet)
Stlth   +            (no ring)
HPRegen 0.29/turn    (no ring)
MPRegen 0.10/turn

%: no passive effects
@: brilliant, on fire, glowing, very slow
A: AC +2, large, see invisible, deformed body, poison resistance, slowness 2,
spit poison 1, naga tail 1
a: Spit Poison


You were on level 4 of the Dungeon.
You visited 1 branch of the dungeon, and saw 4 of its levels.

You collected 217 gold pieces.

Inventory:

Hand Weapons
 a - a +1 vampiric long sword (weapon)
Missiles
 h - 17 stones
 j - 10 javelins
 p - 4 poisoned darts
Armour
 c - a +0 buckler (worn)
 v - +0 swamp dragon scales (worn)
Talismans
 k - a beast talisman
Wands
 u - a wand of roots (10)
Scrolls
 f - 2 scrolls of immolation
 i - a scroll of fear
 s - a scroll of revelation {unknown}
 w - a scroll of amnesia {unknown}
 x - a scroll of poison {unknown}
Potions
 b - 2 potions of might
 d - a potion of magic
 e - 2 potions of brilliance
 m - a potion of resistance {unknown}
 q - a potion of attraction {unknown}
 t - 4 potions of curing {unknown}


   Skills:
 - Level 3.0 Fighting
 + Level 6.3 Long Blades
 - Level 2.4 Armour
 - Level 2.6 Shields


You had 5 spell levels left.
You didn't know any spells.
Your spell library contained the following spells:

 Spells                   Type           Power      Damage    Failure   Level
 Apportation              Tloc           0%         N/A       69%         1
 Necrotise                Necr           0%         1d4       69%         1
 Summon Small Mammal      Summ           0%         N/A       69%         1
 Jinxbite                 Hex            0%         N/A       83%         2
 Call Canine Familiar     Summ           0%         N/A       96%         3
 Ozocubu's Armour         Ice            0%         N/A       96%         3
 Vampiric Draining        Necr           0%         2d6       96%         3
 Martyr's Knell           Necr/Summ      0%         N/A       100%        4
 Summon Blazeheart Golem  Fire/Summ      0%         N/A       100%        4
 Alistair's Intoxication  Alch           0%         N/A       100%        5
 Curse of Agony           Necr           0%         N/A       100%        5
 Metabolic Englaciation   Hex/Ice        0%         N/A       100%        5
 Sculpt Simulacrum        Ice/Alch       0%         N/A       100%        6
 Chain Lightning          Conj/Air       0%         N/A       100%        9
 Fire Storm               Conj/Fire      0%         5d1       100%        9
 Shatter                  Erth           0%         3d5*      100%        9


Dungeon Overview and Level Annotations

Branches:
Dungeon (4/15)
 Temple: D:4-7

Altars:

Shops:
D:3 =


Innate Abilities, Weirdness & Mutations

Your serpentine skin is tough. (AC +2)
You have supernaturally acute eyesight. (SInv)
Armour fits poorly on your strangely shaped body.
Your system is resistant to poisons. (rPois)
You cover ground very slowly.
You can spit poison.
You have a snake-like lower body.


Message History

The bombardier beetle is almost dead.
The liquid fire burns you!
The bombardier beetle sprays incendiary fluid at you.
The burning spray hits you.
You are even more covered in liquid fire!
You hit the bombardier beetle but do no damage.
The bombardier beetle is almost dead.
The liquid fire burns you!
Your hearing returns.
The bombardier beetle sprays incendiary fluid at you.
The burning spray hits you.
You are even more covered in liquid fire!
You completely miss the bombardier beetle.
The bombardier beetle is almost dead.
The liquid fire burns you!
You hit the bombardier beetle but do no damage.
The bombardier beetle is almost dead.
The liquid fire burns you! The bombardier beetle bites you.
You hit the bombardier beetle.
The bombardier beetle is almost dead.
The liquid fire burns you! The bombardier beetle bites you.
You hit the bombardier beetle.
You kill the bombardier beetle!
The liquid fire burns you!
* * * LOW HITPOINT WARNING * * *
You have got your breath back.
Unknown command.
You shake off some of the fire as you move.
The liquid fire burns you!
* * * LOW HITPOINT WARNING * * *
You shake off some of the fire as you move.
The liquid fire burns you!
* * * LOW HITPOINT WARNING * * *
It was a potion of brilliance.
You feel clever all of a sudden.
You hear the slow hiss of an avalanche of sand very nearby.
The liquid fire burns you!
You die...

#.?##.########...#
#.##.# ..# #....# .
#.####
######.########
...............#####
#..........##......#
........##.#.......#
........##..@.......
........##..#.......
...........##.......
###.#..#..## .......
#.##...# .#.###.
#..# ...# #..# .. .
..# .. ..


There were no monsters in sight!

Vanquished Creatures
  An ice beast (D:2)
  2 bombardier beetles
  3 adders
  A dart slug (D:1)
  2 ribbon worms (D:2)
  3 orcs (D:3)
  4 ball pythons
  An endoplasm (D:2)
  4 giant cockroaches (D:1)
  6 goblins
  3 hobgoblins
  5 jackals (D:2)
  5 quokkas
  12 bats
  A frilled lizard (D:1)
  8 kobolds
  5 rats
66 creatures vanquished.

Notes
Turn   | Place    | Note
-------+----------+-------------------------------------------
     0 | D:1      | Buffagor the Naga Fighter began the quest for the Orb.
     0 | D:1      | Reached XP level 1. HP: 21/21 MP: 1/1
   133 | D:1      | Reached XP level 2. HP: 28/28 MP: 2/2
   398 | D:1      | Reached skill level 3 in Long Blades
   503 | D:1      | Reached XP level 3. HP: 34/34 MP: 3/3
   862 | D:2      | Found a faded altar of an unknown god.
   954 | D:2      | Reached skill level 4 in Long Blades
  1000 | D:2      | Reached XP level 4. HP: 42/42 MP: 4/4
  1869 | D:3      | Noticed an ice beast
  1886 | D:2      | Killed an ice beast
  1887 | D:2      | Reached skill level 5 in Long Blades
  1887 | D:2      | Reached XP level 5. HP: 6/49 MP: 5/5
  2122 | D:3      | Reached skill level 6 in Long Blades
  2127 | D:3      | Reached XP level 6. HP: 56/56 MP: 6/6
  2129 | D:3      | Found Ysaduv's One-of-a-Kind Rings.
  2601 | D:4      | Incinerated by a bombardier beetle

Illustrated notes

Levels and vault maps discovered:
D:1:      evilmike_arrival_fibonacci_small, layout_loops_ring,
          hangedman_decor_peaks_small, minmay_misc_feat_secret_circle,
          minmay_pentomino_t2
D:2:      kb_forest_paths, layout_loops_corners, ebering_ecumenical_altar_webs,
          chequers_serial_rivers_micro_a, nicolae_the_louvre
D:3:      layout_rooms, nicolae_shop_unique_rings, minmay_misc_feat_ornament
D:4:      layout_basic, slow_altar_2, nicolae_ossuary_entry_giza, uniq_sigmund

Skill      XL: |  1  2  3  4  5 |
---------------+----------------+-----
Long Blades    | 3 4 5 6 |  6.3
Fighting       | |  3.0
Armour         | |  2.4
Shields        | |  2.6

Action                     |  1- 3 |  4- 6 || total
---------------------------+-------+-------++-------
  Melee: Long sword        |    51 |    67 ||   118
  Throw: Javelin           |       |     1 ||     1
Ability: Spit Poison       |    27 |    18 ||    45
  Evoke: Wand              |       |     2 ||     2
    Use: Potion            |       |     2 ||     2
         Scroll            |       |     7 ||     7
 Armour: Scale mail        |    62 |     5 ||    67
         Swamp dragon scal |       |    52 ||    52
  Dodge: Dodged            |    19 |    35 ||    54
  Block: Buckler           |    13 |    16 ||    29
